 Dungeon Crawl Stone Soup version 0.27-a0-1438-g9b7c6745da (webtiles) character file.

Game seed: 5020874618086964119

153 2tc the Conjurer (level 5, -3/28 HPs)
             Began as a Deep Elf Conjurer on July 4, 2021.
             Slain by an orc (4 damage)
             ... on level 4 of the Dungeon.
             The game lasted 00:10:18 (2302 turns).

2tc the Conjurer (Deep Elf Conjurer)                Turns: 2302, Time: 00:10:19

Health: -3/28      AC:  2    Str: 11    XL:     5   Next: 12%
Magic:  0/11       EV: 12    Int: 23    God:
Gold:   59         SH:  0    Dex: 13    Spells: 2/10 levels left

rFire    . . .     SeeInvis .   e - staff of poison
rCold    . . .     Faith    .   (no shield)
rNeg     . . .     Spirit   .   a - +0 robe
rPois    +         Reflect  .   (no helmet)
rElec    .         Harm     .   (no cloak)
rCorr    .         Rampage  .   (no gloves)
Will     +....                  (no boots)
Stlth    ++........             (no amulet)
HPRegen  0.09/turn              c - +6 ring of strength
MPRegen  0.12/turn              h - ring of willpower

@: no status effects
A: no striking features
a: no special abilities


You were on level 4 of the Dungeon.
You visited 1 branch of the dungeon, and saw 4 of its levels.

You collected 59 gold pieces.

Inventory:

Hand Weapons
 d - a +0 dagger
Missiles
 b - 6 atropa-tipped darts
Armour
 a - a +0 robe (worn)
Magical Staves
 e - a staff of poison (weapon)
Jewellery
 c - a +6 ring of strength (left hand)
 h - a ring of willpower (right hand)
 j - an amulet of guardian spirit
Wands
 l - a wand of paralysis (10)
Scrolls
 f - a scroll of torment
Potions
 k - 2 potions of heal wounds {unknown}


   Skills:
 - Level 2.4 Dodging
 - Level 2.4 Stealth
 - Level 3.0 Spellcasting
 - Level 6.3 Conjurations
 * Level 2.7 Poison Magic


You had 2 spell levels left.
You knew the following spells:

 Your Spells              Type           Power      Damage    Failure   Level
a - Magic Dart            Conj           100%       1d8       1%          1
b - Searing Ray           Conj           64%        3d5       1%          2
c - Dazzling Flash        Conj/Hex       36%        N/A       10%         3
d - Poisonous Vapours     Pois/Air       28%        N/A       10%         2

Your spell library contained the following spells:

 Spells                   Type           Power      Damage    Failure   Level
 Freeze                   Ice            12%        1d4       12%         1
 Sublimation of Blood     Necr           1%         N/A       17%         2
 Wereblood                Tmut           3%         N/A       17%         2
 Conjure Flame            Conj/Fire      18%        6-21      10%         3
 Fulminant Prism          Conj/Hex       9%         3d7       30%         4
 Hailstorm                Conj/Ice       18%        3d6       30%         4
 Iskenderun's Mystic Bla  Conj/Tloc      18%        2d6       30%         4
 Call Canine Familiar     Summ           3%         N/A       34%         3
 Frozen Ramparts          Ice            6%         1d2       34%         3
 Portal Projectile        Hex/Tloc       6%         N/A       34%         3
 Olgreb's Toxic Radiance  Pois           24%        N/A       36%         4
 Leda's Liquefaction      Hex/Erth       1%         N/A       75%         4
 Summon Hydra             Summ           1%         N/A       100%        7


Dungeon Overview and Level Annotations

Branches:
Dungeon (4/15)
 Temple: D:4-7

Altars:

Shops:
D:1 *


Message History

Confirm with . or Enter, or press ? or * to list all spells.
Aiming: Magic Dart (safe; 1% risk of failure)
Press: ? - help, Shift-Dir - straight line, f - orc
Aim: an orc, wielding a +0 hand axe (100% to hit)
The magic dart hits the orc.
The orc is heavily wounded.
You hit the orc.
You envenom the orc.
You kill the orc!
You see here 28 arrows.
You hit the orc.
The orc is severely wounded.
The orc hits you with a +0 short sword.
* * * LOW HITPOINT WARNING * * *
You barely miss the orc.
The orc is severely wounded.
The orc barely misses you. The orc hits you with a +0 hand axe.
* * * LOW HITPOINT WARNING * * *
The orc hits you but does no damage.
You barely miss the orc.
The orc is severely wounded.
The orc barely misses you. The orc hits you with a +0 short sword.
* * * LOW HITPOINT WARNING * * *
The orc misses you.
You hit the orc.
You kill the orc!
The orc barely misses you.
You are too injured to fight recklessly!
Casting: Magic Dart (safe; 1% risk of failure)
Confirm with . or Enter, or press ? or * to list all spells.
Aiming: Magic Dart (safe; 1% risk of failure)
Press: ? - help, Shift-Dir - straight line, f - orc
Aim: an orc, wielding a +0 hand axe and wearing a +0 ring mail (100% to hit)
The magic dart hits the orc but does no damage.
The orc misses you.
You barely miss the orc. The orc closely misses you.
The dart slug launches a dart at you. The slug dart hits you.
* * * LOW HITPOINT WARNING * * *
You barely miss the orc. The orc hits you with a +0 hand axe.
You die...

.. )o .
##############
#............#
######....!.......#
......(...........#
...............o..#
.)............)w@.#
..).).#############
......# ......#
......'. ......###
...).... ........
######..


You could see a dart slug and an orc.

Vanquished Creatures
  An orc wizard (D:4)
  A hound skeleton (D:3)
  2 adders (D:2)
  4 gnolls (D:2)
  7 orcs (D:4)
  3 ball pythons (D:1)
  A bat (D:1)
  6 endoplasms
  2 giant cockroaches
  2 goblins
  5 hobgoblins
  4 jackals (D:1)
  2 quokkas
  A frilled lizard (D:1)
  4 kobolds
  5 rats
50 creatures vanquished.

Notes
Turn   | Place    | Note
-------+----------+-------------------------------------------
     0 | D:1      | 2tc the Deep Elf Conjurer began the quest for the Orb.
     0 | D:1      | Reached XP level 1. HP: 10/10 MP: 6/6
    25 | D:1      | Noticed an eye of devastation
    86 | D:1      | Noticed a golden eye
    88 | D:1      | Found a faded altar of an unknown god.
   205 | D:1      | Reached XP level 2. HP: 13/15 MP: 4/8
   286 | D:1      | Found Zystrourex's General Store.
   290 | D:1      | Learned a level 2 spell: Searing Ray
   332 | D:1      | Reached skill level 5 in Conjurations
   425 | D:1      | Noticed a shining eye
   505 | D:1      | Noticed a great orb of eyes
   726 | D:2      | Reached XP level 3. HP: 19/19 MP: 5/9
   892 | D:2      | Reached skill level 6 in Conjurations
   966 | D:2      | Reached XP level 4. HP: 24/24 MP: 5/10
  1215 | D:2      | Learned a level 3 spell: Dazzling Flash
  1226 | D:2      | Got the Collected Works on Noxious Ignition
  1230 | D:2      | Learned a level 2 spell: Poisonous Vapours
  1686 | D:3      | Reached skill level 1 in Poison Magic
  2285 | D:4      | Reached XP level 5. HP: 11/28 MP: 0/11
  2301 | D:4      | HP: 1/28 [dart slug/slug dart (3)]
  2302 | D:4      | Slain by an orc

Illustrated notes

Levels and vault maps discovered:
D:1:      dpeg_arrival_fog, layout_rooms, serial_shops, shop,
          hellmonk_ecumenical_altar_watching_god
D:2:      layout_loops_ring
D:3:      layout_rooms
D:4:      layout_gridville, minmay_temple_entry_grid, minmay_statues_item,
          corexii_checkpoint_b, minivault_25, uniq_duvessa, uniq_natasha

Skill      XL: |  1  2  3  4 |
---------------+-------------+-----
Conjurations   | 5 6 |  6.3
Poison Magic   | 2 |  2.7
Dodging        | |  2.4
Stealth        | |  2.4
Spellcasting   | |  3.0

Action                   |  1- 3 |  4- 6 || total
-------------------------+-------+-------++-------
Melee: Dagger            |    10 |       ||    10
       Staff             |       |    10 ||    10
 Cast: Magic Dart        |    40 |    50 ||    90
       Searing Ray       |     4 |     1 ||     5
       Poisonous Vapours |       |     2 ||     2
  Use: Scroll            |     2 |     3 ||     5
       Potion            |       |     1 ||     1
 Stab: Sleeping          |     1 |       ||     1
Armor: Robe              |       |     2 ||     2
Dodge: Dodged            |     6 |    12 ||    18

Table legend: (Time is in decaauts)
 A = Elapsed time spent in this place.
 B = Non-inter-level travel time spent in this place.
 C = Inter-level travel time spent in this place.
 D = Time resting spent in this place.
 E = Time spent auto-exploring this place.
 F = Levels seen in this place.
 G = Mean time per level.
                   A        B        C        D        E       F      G
               +--------+--------+--------+--------+--------+-----+--------+
         Total |   2301 |   2252 |     49 |    233 |   1754 |   4 |  575.2 |
       Dungeon |   2301 |   2252 |     49 |    233 |   1754 |   4 |  575.2 |
               +--------+--------+--------+--------+--------+-----+--------+

Top non-repeatable levels by time:
     D:2: 945 daAuts
     D:1: 614 daAuts
     D:3: 611 daAuts
     D:4: 131 daAuts
